 Dungeon Crawl Stone Soup version 0.25-b1-37-g2669288c55 (webtiles) character file.

Game seed: 14408951257573808643

16 DungeonMaster the Magician (level 2, 0/19 HPs)
             Began as a Demonspawn Wizard on June 5, 2020.
             Succumbed to an adder's poison
             ... on level 3 of the Dungeon.
             The game lasted 00:01:56 (477 turns).

DungeonMaster the Magician (Demonspawn Wizard)       Turns: 477, Time: 00:01:57

Health: 0/19       AC:  4    Str:  7    XL:     2   Next: 41%
Magic:  1/6        EV: 12    Int: 19    God:
Gold:   7          SH:  0    Dex:  9    Spells: 6/7 levels left

rFire    . . .     SeeInvis .   c - +0 dagger
rCold    . . .     Gourm    .   (no shield)
rNeg     . . .     Faith    .   a - +1 robe
rPois    .         Spirit   +   b - +1 hat
rElec    .         Reflect  .   (no cloak)
rCorr    .         Harm     .   (no gloves)
MR       .....                  (no boots)
Stlth    ++........             (no amulet)
HPRegen  0.06/turn              (no ring)
MPRegen  0.10/turn              (no ring)

@: lethally poisoned (0 -> -1), berserk cooldown, slowed, very slow
A: blink, blurry vision 1, clumsy 1, magic shield
a: Blink


You were on level 3 of the Dungeon.
You were not hungry.

You visited 1 branch of the dungeon, and saw 3 of its levels.

You collected 7 gold pieces.

Inventory:

Hand Weapons
 c - a +0 dagger (weapon)
 h - a +0 mace
Missiles
 e - 14 arrows
 i - 14 bolts
Armour
 a - a +1 robe (worn)
 b - a +1 hat (worn)
Scrolls
 j - a scroll of enchant armour
Comestibles
 d - 2 rations


   Skills:
 - Level 1.7 Dodging
 - Level 1.7 Stealth
 * Level 3.3 Spellcasting
 * Level 1.8 Conjurations
   Level 1.0 Summonings
   Level 0.8 Translocations


You had 6 spell levels left.
You knew the following spells:

 Your Spells              Type           Power        Failure   Level  Hunger
a - Magic Dart            Conj           ##..         7%          1    None

Your spell library contained the following spells:

 Spells                   Type           Power        Failure   Level  Hunger
 Call Imp                 Summ           #.......     14%         2    ##.....
 Blink                    Tloc           N/A          16%         2    ##.....
 Slow                     Hex            #.......     22%         2    ##.....
 Conjure Flame            Conj/Fire      #.......     30%         3    ###....
 Mephitic Cloud           Conj/Pois/Air  #.......     34%         3    ###....


Dungeon Overview and Level Annotations

Branches:
Dungeon (3/15)

Altars:


Innate Abilities, Weirdness & Mutations

When hurt, damage is shared between your health and your magic reserves.
You can translocate small distances at will.
Scrolls take you a little longer to read.
You are clumsy. (Dex -2)


Message History

You are exhausted.
You feel yourself slow down.
* * * LOW HITPOINT WARNING * * *
You feel sick.
* * * LOW HITPOINT WARNING * * *
You feel sick.
There is an open door here.
You see here an adder corpse.
Your magical contamination has completely faded away.
A rat comes into view.
* * * LOW HITPOINT WARNING * * *
You feel sick.
Casting: Magic Dart (safe; 7% risk of failure)
Confirm with . or Enter, or press ? or * to list all spells.
Aiming: Magic Dart (safe; 7% risk of failure)
Press: ? - help, Shift-Dir - straight line, f - rat
Aim: a rat (asleep)
The magic dart hits the rat.
The rat is heavily wounded.
You die...

#........
#.#######
########.# #
#......#.## #
#####†####....#
#
#.......#######
# #.......#
#.......#
#..@....#
#.......#
#.......#
#.......#
.)%.......
.........##r
...........
...........##


You could see a rat.

Vanquished Creatures
  An adder (D:3)
  2 goblins (D:1)
  A quokka (D:2)
  2 bats (D:1)
  A kobold (D:3)
  2 rats
9 creatures vanquished.

Notes
Turn   | Place    | Note
-------+----------+-------------------------------------------
     0 | D:1      | DungeonMaster the Demonspawn Wizard began the quest for the
                  | Orb.
     0 | D:1      | Reached XP level 1. HP: 13/13 MP: 4/4
   461 | D:3      | Gained mutation: When hurt, damage is shared between your
                  | health and your magic reserves. [demonic ancestry]
   461 | D:3      | Reached XP level 2. HP: 4/19 MP: 0/6
   463 | D:3      | Gained mutation: Scrolls take you a little longer to read.
                  | [potion of mutation]
   463 | D:3      | Gained mutation: You are clumsy. (Dex -2) [potion of
                  | mutation]
   463 | D:3      | Gained mutation: You can translocate small distances at
                  | will. [potion of mutation]
   477 | D:3      | Succumbed to an adder's poison

Illustrated notes

Levels and vault maps discovered:
D:1:      minmay_arrival_wavy_path, layout_loops_ring, hangedman_decor_push,
          chequers_big_river
D:2:      layout_basic
D:3:      layout_basic, gammafunk_ghost_necromancy, uniq_sigmund

Action                   || total
-------------------------++-------
Melee: Dagger            ||     6
 Cast: Magic Dart        ||    22
  Use: Scroll            ||     2
       Potion            ||     2
Dodge: Dodged            ||    14
